 Dungeon Crawl Stone Soup version 0.23-a0-839-g6d2b917 (console) character file.

400 bli the Slasher (level 6, 0/44 HPs)
             Began as a Barachi Fighter on Jan 25, 2019.
             Was an Initiate of Hepliaklqana.
             Slain by a slave (8 damage)
             ... led by Pikel
             ... on level 4 of the Dungeon.
             The game lasted 00:10:12 (3359 turns).

bli the Slasher (Barachi Fighter)                   Turns: 3359, Time: 00:10:13

Health: 0/44       AC:  8    Str: 18    XL:     6   Next: 84%
Magic:  6/6        EV:  7    Int:  9    God:    Hepliaklqana [......]
Gold:   110        SH:  9    Dex: 12    Spells: 5/5 levels left

rFire    . . .     SeeInvis .   a - +0 long sword
rCold    . . .     Gourm    .   c - +0 shield
rNeg     . . .     Faith    .   b - +0 scale mail
rPois    .         Spirit   .   (no helmet)
rElec    .         Reflect  .   v - +0 cloak
rCorr    .         Harm     .   (no gloves)
MR       .....                  (no boots)
Stlth    ..........             (no amulet)
HPRegen  0.14/turn              (no ring)
MPRegen  0.10/turn              (no ring)

@: drained, slow
A: +LOS, swims, reduced essence, slowness 1, strong legs 1
a: Hop, Recall Ancestor, Ancestor Identity, Renounce Religion


You were on level 4 of the Dungeon.
You worshipped Hepliaklqana.
Hepliaklqana was noncommittal.
You were not hungry.

You visited 1 branch of the dungeon, and saw 4 of its levels.

You collected 110 gold pieces.

Inventory:

Hand Weapons
 a - a +0 long sword (weapon)
Missiles
 g - 11 tomahawks (quivered)
 k - 76 stones
Armour
 b - a +0 scale mail (worn)
 c - a +0 shield (worn)
 e - a +0 ring mail
 v - a +0 cloak (worn)
Scrolls
 i - 5 scrolls of remove curse {unknown}
 j - a scroll of fog {unknown}
 l - a scroll of blinking {unknown}
 o - 2 scrolls of fear {unknown}
 p - a scroll of random uselessness {unknown}
 r - a scroll of amnesia {unknown}
 s - 2 scrolls of identify {unknown}
 t - 3 scrolls of teleportation {unknown}
 u - 2 scrolls of noise {unknown}
 y - a scroll of enchant armour {unknown}
Potions
 d - 2 potions of might
 h - 2 potions of ambrosia {unknown}
 m - a potion of resistance {unknown}
 n - 2 potions of agility
 q - 2 potions of curing
 w - a potion of degeneration {unknown}
Comestibles
 f - 8 rations
 x - 3 chunks of flesh


   Skills:
 * Level 4.5 Fighting
 * Level 6.5 Long Blades
 + Level 0.4(0.3) Throwing
 - Level 5.0(4.9) Armour
 + Level 4.2 Shields


You had 5 spell levels left.
You didn't know any spells.
Your spell library was empty.

Dungeon Overview and Level Annotations

Branches:
Dungeon (4/15)
 Temple: D:4-7

Altars:
Elyvilon
Fedhas
Gozag
Hepliaklqana
Qazlal
Zin
The Shining One

Annotations:
D:4 Pikel


Innate Abilities, Weirdness & Mutations

Shadows flee at your approach. (+LOS)
You can swim through water.
You cover ground slowly.
You can hop short distances.
Your life essence is reduced to manifest your ancestor. (-10% HP)


Message History

The slave hits Ara!
Ara is destroyed!
You completely miss the adder.
Pikel says, "I knew I should've brought a map."
The adder closely misses you.
You riposte.
You hit the adder.
The adder is moderately wounded.
The adder closely misses you.
You closely miss the adder.
The adder is moderately wounded.
The adder bites you but does no damage.
You hit the adder.
The adder is almost dead.
The adder barely misses you. You block the adder's attack.
You slash the adder!
You kill the adder!
The slave hits you but does no damage.
You hit the slave.
The slave is lightly wounded.
The slave hits you!
You die...

#.8...#.#...8.#
#.._..#.#.._..#
#.8.8.#.#.8.8.#
##...##.##...##
#####...##### ##.## #.#
#.# #.# ###### ##..
#.##########....##....#
#.....@p.Kp..(..''.....
##########p..#.?.....#
#.[.#.p.....#
#..####...### #...#
.....# #...# #(..#
#...# +### #.#.. #.#...
#.#...# #.#(..#


You could see Pikel and 3 slaves.

Vanquished Creatures
  3 wights (D:3)
  A hound (D:4)
  2 orc wizards (D:3)
  Crazy Yiuf (D:2)
  Jessica (D:2)
  4 adders
  4 worms
  4 dart slugs
  15 orcs
  2 giant cockroaches (D:3)
  7 goblins
  7 hobgoblins
  2 quokkas (D:2)
  4 bats
  6 frilled lizards
  5 kobolds
  3 rats
71 creatures vanquished.

Vanquished Creatures (collateral kills)
  A slave (D:4)
  2 bats (D:3)
3 creatures vanquished.

Vanquished Creatures (others)
  An ancestor (D:4)
1 creature vanquished.

Grand Total: 75 creatures vanquished

Notes
Turn   | Place    | Note
-------+----------+-------------------------------------------
     0 | D:1      | bli the Barachi Fighter began the quest for the Orb.
     0 | D:1      | Reached XP level 1. HP: 18/18 MP: 1/1
   184 | D:1      | Reached XP level 2. HP: 20/25 MP: 2/2
   564 | D:1      | Reached XP level 3. HP: 30/30 MP: 3/3
   811 | D:2      | Noticed Jessica
   814 | D:2      | Killed Jessica
   814 | D:2      | Reached skill level 3 in Long Blades
   949 | D:2      | Reached XP level 4. HP: 34/37 MP: 4/4
  1038 | D:2      | Reached skill level 4 in Long Blades
  1506 | D:2      | Found a runed door.
  1687 | D:2      | Noticed Crazy Yiuf
  1695 | D:2      | Killed Crazy Yiuf
  1695 | D:2      | Reached skill level 5 in Long Blades
  1695 | D:2      | Reached XP level 5. HP: 23/42 MP: 5/5
  1906 | D:3      | HP: 2/42 [orc wizard/puff of frost (1)]
  2494 | D:3      | Reached skill level 6 in Long Blades
  2571 | D:3      | Reached XP level 6. HP: 44/49 MP: 6/6
  2762 | D:3      | Reached skill level 5 in Armour
  2858 | D:3      | Found an opulent altar of Gozag.
  2859 | D:3      | Found a glowing golden altar of the Shining One.
  2867 | D:3      | Found a hazy altar of Hepliaklqana.
  2905 | D:3      | Became a worshipper of Hepliaklqana the Forgotten
  3129 | D:4      | Found a blossoming altar of Fedhas.
  3132 | D:4      | Found a stormy altar of Qazlal.
  3146 | D:4      | Found a glowing silver altar of Zin.
  3149 | D:4      | Found a white marble altar of Elyvilon.
  3177 | D:4      | Noticed a slave
  3194 | D:4      | Killed a slave
  3340 | D:4      | Noticed Pikel
  3340 | D:4      | Noticed a slave
  3340 | D:4      | Noticed a slave
  3340 | D:4      | Noticed a slave
  3359 | D:4      | Slain by a slave

Vault maps used:
D:1:      minmay_arrival_stair_chambers, corexii_hall_statues_i
D:2:      corexii_shack, uniq_jessica, uniq_crazy_yiuf_cottage
D:3:      grunt_temple_overflow_open
D:4:      hangedman_ru_absence, vehumet_altar_wand_db, okawaru_gym_becter,
          grunt_temple_overflow_cloverleaf, first_ration, minivault_1,
          interstate_on_off, mrwooster_statue_mirror, uniq_pikel

Skill      XL: |  1  2  3  4  5  6 |
---------------+-------------------+-----
Fighting       | 4 |  4.5
Armour         | 4 5 |  5.0
Long Blades    | 3 5 6 |  6.5
Shields        | 4 |  4.2
Throwing       | |  0.4

Action                   |  1- 3 |  4- 6 || total
-------------------------+-------+-------++-------
Melee: Long sword        |    74 |   259 ||   333
Throw: Stone             |       |    32 ||    32
       Tomahawk          |       |     1 ||     1
  Use: Potion            |       |     1 ||     1
  Eat: Chunk             |     1 |     9 ||    10
Armor: Ring mail         |    17 |    16 ||    33
       Scale mail        |       |    75 ||    75
Dodge: Dodged            |    23 |    91 ||   114
Block: Shield            |    28 |   147 ||   175
       Rpst.: Long sword |    12 |    33 ||    45

Table legend:
 A = Non-vault XP
 B = Vault XP
 C = Vault XP percentage of total XP
 D = Non-vault monster count
 E = Vault monster count
 F = Vault count percentage of total count
                 A         B        C        D         E       F
            +---------+---------+-------+---------+---------+-------
      Total |     493 |      79 |  13.8 |      70 |       3 |   4.1
            +---------+---------+-------+---------+---------+-------
        D:1 |      34 |       0 |   0.0 |      18 |       0 |   0.0
        D:2 |      74 |      79 |  51.6 |      21 |       3 |  12.5
        D:3 |     329 |       0 |   0.0 |      29 |       0 |   0.0
        D:4 |      56 |       0 |   0.0 |       2 |       0 |   0.0
            +---------+---------+-------+---------+---------+-------
